 Dungeon Crawl Stone Soup version 0.21-a0-517-gd76cfe0 (webtiles) character file.

27 slep the Skirmisher (level 2, 0/24 HPs)
             Began as a Demonspawn Monk on Dec 3, 2017.
             Slain by an adder (2 damage)
             ... on level 2 of the Dungeon.
             The game lasted 00:02:12 (434 turns).

slep the Skirmisher (Demonspawn Monk)                Turns: 434, Time: 00:02:12

Health: 0/24       AC:  3    Str: 11    XL:     2   Next: 93%
Magic:  2/2        EV: 10    Int: 11    God:
Gold:   0          SH:  7    Dex: 15    Spells: 1/1 levels left

rFire    . . .     SeeInvis .   a - +0 spear
rCold    . . .     Gourm    .   g - +0 shield
rNeg     . . .     Faith    .   d - +0 leather armour
rPois    .         Spirit   .   (helmet restricted)
rElec    .         Reflect  .   (no cloak)
rCorr    .         Harm     .   (no gloves)
MR       .....                  (no boots)
Stlth    ++........             (no amulet)
HPRegen  0.08/turn              (no ring)
MPRegen  0.08/turn              (no ring)

@: lethally poisoned (0 -> -5)
A: antennae 1
a: no special abilities


You were on level 2 of the Dungeon.
You were not hungry.

You visited 1 branch of the dungeon, and saw 2 of its levels.

Inventory:

Hand Weapons
 a - a +0 spear (weapon)
Armour
 b - a +0 robe
 d - a +0 leather armour (worn)
 g - a +0 shield (worn)
Scrolls
 k - a scroll of fear {unknown}
Potions
 e - a potion of invisibility {unknown}
 f - a potion of flight {unknown}
 i - a potion of curing
 j - a potion of lignification {unknown}
Comestibles
 c - a bread ration
 h - a meat ration


   Skills:
 + Level 3.4 Fighting
 + Level 3.1 Polearms
 + Level 0.2 Armour
 + Level 2.9 Dodging
 + Level 1.9 Stealth


You had one spell level left.
You didn't know any spells.

Dungeon Overview and Level Annotations

Branches:
Dungeon (2/15)

Altars:


Innate Abilities, Weirdness & Mutations

You have a pair of small antennae on your head.


Message History

The adder poisons you! The adder barely misses you.
You block the adder's attack.
It was a potion of curing.
You feel better. The adder bites you but does no damage. The adder bites you.
* * * LOW HITPOINT WARNING * * *
You are lethally poisoned!
The adder poisons you!
You hit the adder.
You kill the adder!
* * * LOW HITPOINT WARNING * * *
You feel sick. The adder closely misses you.
The adder bites you but does no damage.
You hit the adder.
The adder is moderately wounded.
* * * LOW HITPOINT WARNING * * *
You feel sick. The adder misses you.
You barely miss the adder.
The adder is moderately wounded.
The adder bites you.
You die...

#...# .##.. #....
..... ##...####...#
##.%...#.....##
##.............##
#...............#
#...S...........#
#....@.....>...?#
#...............#
#...............#
#...............###
##................#
##.....#...<†###.#
#############


You could see an adder.

Vanquished Creatures
  An adder (D:2)
  A dart slug (D:1)
  A ball python (D:1)
  3 bats (D:1)
  A frilled lizard (D:2)
  2 goblins (D:1)
  6 kobolds (D:1)
  5 rats (D:1)
20 creatures vanquished.

Notes
Turn   | Place    | Note
-------+----------+-------------------------------------------
     0 | D:1      | slep the Demonspawn Monk began the quest for the Orb.
     0 | D:1      | Reached XP level 1. HP: 18/18 MP: 1/1
   155 | D:1      | Gained mutation: You have a pair of small antennae on your head. [demonic ancestry]
   155 | D:1      | Reached XP level 2. HP: 19/24 MP: 2/2
   434 | D:2      | Slain by an adder

Vault maps used:
D:1:      dpeg_arrival_tiny_c, minmay_misc_feat_rows
D:2:      uniq_jessica

Skill      XL: |  1  2 |
---------------+-------+-----
Polearms       | 3 |  3.1
Fighting       | |  3.4
Armour         | |  0.2
Dodging        | |  2.9
Stealth        | |  1.9

Action                   || total
-------------------------++-------
Melee: Spear             ||    59
  Use: Potion            ||     1
 Stab: Sleeping          ||     3
Armor: Robe              ||     7
       Leather armour    ||     4
Dodge: Dodged            ||    36
Block: Shield            ||    11

Table legend:
 A = Spawn XP
 B = Non-spawn XP
 C = Spawn XP percentage of total XP
 D = Spawn monster count
 E = Non-spawn monster count
 F = Spawn count percentage of total count
 G = Total turns spent on level
                    A         B        C        D         E        F      G
               +---------+---------+-------+---------+---------+-------+---------
         Total |       0 |      39 |   0.0 |       0 |      20 |   0.0 |   434
               +---------+---------+-------+---------+---------+-------+---------
           D:1 |       0 |      25 |   0.0 |       0 |      18 |   0.0 |   412
           D:2 |       0 |      14 |   0.0 |       0 |       2 |   0.0 |    22
               +---------+---------+-------+---------+---------+-------+---------
